 Dungeon Crawl Stone Soup version 0.30-a0-778-g2ef04afb54 (webtiles) character file.

Game seed: 12931548963303022240

9233 dolemite99 the Destroyer (level 11, -32/69 HPs)
             Began as a Gargoyle Earth Elementalist on Feb 17, 2023.
             Was a Believer of Ashenzari.
             Annihilated by an ettin
             ... wielding a +0 dire flail
              (33 damage)
             ... on level 1 of the Orcish Mines.
             The game lasted 00:21:31 (15963 turns).

dolemite99 the Destroyer (GrEE)                    Turns: 15963, Time: 00:21:32

Health: -32/69     AC: 15    Str: 10    XL:     11   Next: 43%
Magic:  12/23      EV:  8    Int: 22    God:    Ashenzari [**....]
Gold:   638        SH: 10    Dex: 10    Spells: 12/26 levels left

rFire   + . .      SeeInvis +    a - +7 long sword "Sier" {pain, Fly rElec rCorr Str-2 Int+2}
rCold   . . .      Faith    .    h - +0 kite shield of the Sidereal Boredom {Fort, Evo} (curse)
rNeg    + . .      Spirit   .    B - +0 ring mail of the Bound Negligence {Melee, Elem} (curse)
rPois   ∞          Reflect  .    e - +2 hat "Gaze Upon Infinity" {Melee, Elem} (curse)
rElec   +          Harm     .    (no cloak)
rCorr   +          Rampage  .    (no gloves)
Will    .....                    (no boots)
Stlth   +                        (no amulet)
HPRegen 0.31/turn                c - ring of the Tethered Inaction {rF+, Range, Self} (curse)
MPRegen 0.18/turn                (no ring)

@: flying
A: sickness immunity, AC +8, negative energy resistance 1, electricity
resistance, torment resistance 1, petrification resistance
a: Renounce Religion, Shatter the Chains


You were on level 1 of the Orcish Mines.
You worshipped Ashenzari.
Ashenzari was pleased with you.
You visited 3 branches of the dungeon, and saw 11 of its levels.
You also visited: Sewer.

You collected 638 gold pieces.

Inventory:

Hand Weapons
 a - the +7 long sword "Sier" (weapon) {pain, Fly rElec rCorr Str-2 Int+2}
   (You took it off a centaur on level 9 of the Dungeon)

   Str:       It affects your strength (-2).
   Int:       It affects your intelligence (+2).
   rElec:     It insulates you from electricity.
   Fly:       It grants you flight.
   rCorr:     It protects you from acid and corrosion.
 b - a +0 sling
 i - a +0 dagger
 j - a +0 mace of protection
 y - a +1 trident
 A - a +0 flail of holy wrath
 J - a +0 dagger of flaming
Missiles
 k - 2 atropa-tipped darts
 l - 9 boomerangs (quivered)
 o - 27 poisoned darts
Armour
 d - a +0 robe
 e - the cursed +2 hat "Gaze Upon Infinity" (worn) {Melee, Elem}
   (You found it on level 1 of the Dungeon)

   It has a curse which improves the following skills: Melee Combat: Short
   Blades, Long Blades, Axes, Maces & Flails, Polearms, Staves and Unarmed
   Combat.
   Elements:  Fire Magic, Ice Magic, Air Magic and Earth Magic.
 h - the cursed +0 kite shield of the Sidereal Boredom (worn) {Fort, Evo}
   (You took it off a gnoll sergeant on level 9 of the Dungeon)

   It has a curse which improves the following skills: Fortitude: Armour and
   Shields.
   Evocations: Evocations.
 t - +0 acid dragon scales
 x - a +2 hat
 B - the cursed +0 ring mail of the Bound Negligence (worn) {Melee, Elem}
   (You took it off an orc on level 5 of the Dungeon)

   It has a curse which improves the following skills: Melee Combat: Short
   Blades, Long Blades, Axes, Maces & Flails, Polearms, Staves and Unarmed
   Combat.
   Elements:  Fire Magic, Ice Magic, Air Magic and Earth Magic.
 E - a +0 troll leather armour
 H - a +0 buckler
Jewellery
 c - the cursed ring of the Tethered Inaction (left hand) {rF+, Range, Self}
   (You found it on level 1 of the Dungeon)

   [ring of protection from fire]

   rF:        It protects you from fire.
   It has a curse which improves the following skills: Ranged Combat: Ranged
   Weapons and Throwing.
   Introspection: Fighting and Spellcasting.
 n - an amulet of guardian spirit
Wands
 u - a wand of digging (5)
 F - a wand of paralysis (26)
Scrolls
 g - 3 scrolls of amnesia
 m - 2 scrolls of vulnerability
 q - a scroll of torment
 w - a scroll of blinking
 z - a scroll of fog
 D - a scroll of enchant armour
 I - a scroll of enchant weapon
 K - a scroll of brand weapon
Potions
 f - 2 potions of ambrosia
 p - 4 potions of mutation
 r - 2 potions of flight
 s - a potion of cancellation
 C - a potion of attraction


   Skills:
 - Level 7.1(8.4) Fighting
 + Level 1.5(2.9) Long Blades
 - Level 1.5 Dodging
 - Level 2.1 Stealth
 - Level 7.6(8.9) Shields
 - Level 7.0(8.3) Spellcasting
 - Level 10.9 Conjurations
 - Level 3.5 Transmutations
 - Level 8.2(10.1) Earth Magic


You had 12 spell levels left.
You knew the following spells:

 Your Spells              Type           Power      Damage    Failure   Level
a - Sandblast             Erth           100%       2d20      1%          1
b - Stone Arrow           Conj/Erth      100%       3d13      1%          3
c - Passwall              Tmut/Erth      32%        N/A       4%          2
d - Wereblood             Tmut           24%        N/A       16%         2
e - Iron Shot             Conj/Erth      27%        9d6       65%         6

Your spell library contained the following spells:

 Spells                   Type           Power      Damage    Failure   Level
 Shock                    Conj/Air       100%       1d9       4%          1
 Beastly Appendage        Tmut           48%        N/A       11%         1
 Iskenderun's Battlesphe  Conj           55%        2d11      14%         5
 Sting                    Tmut/Pois      64%        1d6       22%         1
 Petrify                  Tmut/Erth      39%        N/A       26%         4
 Apportation              Tloc           18%        N/A       41%         1
 Necrotise                Necr           36%        1d5       41%         1
 Summon Small Mammal      Summ           36%        N/A       41%         1
 Poisonous Vapours        Pois/Air       18%        N/A       54%         2
 Spider Form              Tmut/Pois      16%        N/A       54%         3
 Olgreb's Toxic Radiance  Pois           9%         N/A       99%         4


Dungeon Overview and Level Annotations

Branches:
Dungeon (9/15)             Temple (1/1) D:4             Orc (1/2) D:9
  Sewer (visited)
   Lair: D:8-11

Altars:
Ashenzari
Dithmenos
Elyvilon
Fedhas
Gozag
Hepliaklqana
Kikubaaqudgha
Makhleb
Nemelex Xobeh
Okawaru
Qazlal
Ru
Sif Muna
Trog
Uskayaw
Vehumet
Xom
Yredelemnul
Zin

Shops:
D:1 :   D:5 (

Annotations:
D:7 exclusion: oklob plant


Innate Abilities, Weirdness & Mutations

You are immune to sickness and miasma.
Your stone body is resilient. (AC +8)
You are immune to poison.
You resist negative energy. (rN+)
You are resistant to electric shocks. (rElec)
You are resistant to unholy torment.
You are immune to petrification.


Message History

The blast of sand hits the ogre!
You kill the ogre!
The ettin shouts in stereo!
Your base Long Blades skill increases to level 1!
Casting: Sandblast (safe; 1% risk of failure)
Confirm with . or Enter, or press ? or * to list all spells.
Aiming: Sandblast (safe; 1% risk of failure)
Press: ? - help, Shift-Dir - straight line, f - warg
Aim: a warg (82% to hit)
The blast of sand hits the warg!!
The warg is severely wounded.
The warg bites you but does no damage. The warg bites you.
Casting: Sandblast (safe; 1% risk of failure)
Confirm with . or Enter, or press ? or * to list all spells.
Aiming: Sandblast (safe; 1% risk of failure)
Press: ? - help, Shift-Dir - straight line, f/p - warg
Aim: a warg (severely wounded, 82% to hit)
The blast of sand hits the warg!!
You kill the warg!
The ettin hits you with a +0 dire flail!! x2
* * * LOW HITPOINT WARNING * * *
Casting: Sandblast (safe; 1% risk of failure)
Confirm with . or Enter, or press ? or * to list all spells.
Aiming: Stone Arrow (safe; 1% risk of failure)
Press: ? - help, Shift-Dir - straight line, f - ettin
Aim: an ettin, wielding two +0 dire flails (95% to hit)
The stone arrow hits the ettin!
The ettin is lightly wounded.
You block the ettin's attack. The ettin barely misses you.
Casting: Stone Arrow (safe; 1% risk of failure)
Confirm with . or Enter, or press ? or * to list all spells.
Aiming: Stone Arrow (safe; 1% risk of failure)
Press: ? - help, Shift-Dir - straight line, f/p - ettin
Aim: an ettin, wielding two +0 dire flails (lightly wounded, 95% to hit)
The stone arrow hits the ettin!!
The ettin is heavily wounded.
The ettin hits you with a +0 dire flail!!
* * * LOW HITPOINT WARNING * * *
The ettin hits you with a +0 dire flail!!
You die...

#####......#
##.##......#* ,
##..........# ,
###..........#.## ,
* ##.#...#.........#
* ,,
#.....###.#...#.## *
* ,*##.....<)..####*
* * #.......)..#* ,
##@#.#..#...# *
.......C........## *
................#
,,...............#.*
*
,,.......#.###......
..........*.#.##.##
, ..$..>. .# ,# *
....... .. , * , ,
** *


You could see an ettin.

Vanquished Creatures
  A hydra (D:9)
  A boulder beetle (D:9)
  Joseph (D:8)
  Maggie (D:7)
  A kobold demonologist (D:9)
  A troll (D:6)
  4 hornets
  A spriggan (D:9)
  3 wyverns
  2 wraiths (D:9)
  A yak (D:9)
  Grum (D:9)
  2 steam dragons
  A warg (Orc:1)
  2 water moccasins
  11 orc warriors
  A sky beast (D:6)
  5 black bears
  An ice beast (D:5)
  An ogre (Orc:1)
  2 wolves (D:9)
  5 centaurs
  A phantom (D:5)
  A kobold brigand (D:9)
  A gnoll sergeant (D:9)
  3 bullfrogs
  A necrophage (D:8)
  4 scorpions
  5 killer bees (D:8)
  6 howler monkeys
  11 orc priests
  6 hounds
  2 iguanas (D:6)
  9 orc wizards
  Robin (D:2)
  6 adders
  A white imp (D:8)
  A worm (D:2)
  3 dart slugs
  48 orcs
  4 ball pythons
  10 bats
  10 endoplasms
  A giant cockroach (D:3)
  19 goblins
  10 hobgoblins
  2 jackals (D:3)
  11 kobolds
  7 frilled lizards
  3 rats
236 creatures vanquished.

Vanquished Creatures (others)
  A rat (D:1)
1 creature vanquished.

Grand Total: 237 creatures vanquished

Notes
Turn   | Place    | Note
-------+----------+-------------------------------------------
     0 | D:1      | dolemite99 the Gargoyle Earth Elementalist began the quest
                  | for the Orb.
     0 | D:1      | Reached XP level 1. HP: 10/10 MP: 3/3
   106 | D:1      | Reached skill level 1 in Transmutations
   283 | D:1      | Found Juruud's Book Boutique.
   290 | D:1      | Reached XP level 2. HP: 15/15 MP: 1/5
   524 | D:1      | Reached XP level 3. HP: 19/19 MP: 1/6
  1311 | D:2      | Reached XP level 4. HP: 24/24 MP: 5/7
  1470 | D:2      | Noticed Robin
  1534 | D:2      | Killed Robin
  1930 | D:2      | Found a radiant altar of Vehumet.
  2566 | D:3      | Found a stormy altar of Qazlal.
  2889 | D:3      | Found a burning altar of Makhleb.
  3380 | D:4      | Found a staircase to the Ecumenical Temple.
  3383 | D:4      | Reached XP level 5. HP: 27/28 MP: 5/8
  3387 | D:4      | Learned a level 3 spell: Stone Arrow
  3448 | Temple   | Entered the Ecumenical Temple
  3453 | Temple   | Became a worshipper of Ashenzari the Shackled
  3785 | D:4      | Found a glowing drain.
  3796 | Sewer    | Entered a sewer
  3847 | Sewer    | Noticed a water moccasin
  3855 | Sewer    | Killed a water moccasin
  3856 | Sewer    | Reached skill level 2 in Conjurations
  3856 | Sewer    | Reached XP level 6. HP: 14/32 MP: 3/10
  4378 | D:4      | Reached skill level 3 in Conjurations
  4641 | D:4      | Noticed a black bear
  4653 | D:4      | Killed a black bear
  4654 | D:4      | Reached skill level 4 in Conjurations
  4659 | D:4      | Reached XP level 7. HP: 29/36 MP: 8/11
  4956 | D:4      | Reached skill level 5 in Conjurations
  5060 | D:5      | Entered Level 5 of the Dungeon
  5498 | D:5      | Reached skill level 5 in Earth Magic
  5807 | D:5      | Found Gaok Bamy's Weapon Boutique.
  5843 | D:5      | Reached XP level 8. HP: 35/41 MP: 6/12
  6051 | D:5      | Reached * piety under Ashenzari
  6393 | D:5      | Found a shimmering altar of Xom.
  6395 | D:5      | Found a hazy altar of Hepliaklqana.
  6395 | D:5      | Found a broken altar of Ashenzari.
  6397 | D:5      | Found a glowing silver altar of Zin.
  6397 | D:5      | Found a glowing silver altar of Zin.
  6397 | D:5      | Found a blossoming altar of Fedhas.
  6422 | D:6      | Found an ancient bone altar of Kikubaaqudgha.
  6435 | D:6      | Found a shimmering blue altar of Sif Muna.
  6451 | D:6      | Reached skill level 6 in Conjurations
  6872 | D:6      | Noticed a troll
  6879 | D:6      | Reached skill level 7 in Conjurations
  6880 | D:6      | Killed a troll
  6881 | D:6      | Reached skill level 8 in Conjurations
  7162 | D:6      | Reached skill level 9 in Conjurations
  7500 | D:7      | Learned a level 2 spell: Passwall
  7503 | D:7      | Learned a level 2 spell: Wereblood
  7503 | D:7      | Noticed Maggie
  7512 | D:7      | Noticed a hornet
  7537 | D:7      | Reached XP level 9. HP: 40/45 MP: 1/13
  7812 | D:7      | Killed Maggie
  7813 | D:7      | Reached skill level 10 in Conjurations
  7823 | D:7      | Killed a hornet
  8518 | D:7      | Identified the Omnibus of Assaults
  8563 | D:7      | Learned a level 6 spell: Iron Shot
  8564 | D:7      | Found a shadowy altar of Dithmenos.
  8937 | D:7      | Found a blossoming altar of Fedhas.
  8960 | D:7      | Noticed an oklob plant
  9348 | D:8      | Reached ** piety under Ashenzari
  9369 | D:8      | Found a sparkling altar of Nemelex Xobeh.
  9569 | D:8      | Noticed Joseph
  9576 | D:8      | Killed Joseph
  9588 | D:8      | Reached skill level 5 in Spellcasting
  9589 | D:8      | Reached XP level 10. HP: 18/50 MP: 2/19
 10414 | D:8      | Identified the cursed +2 hat "Gaze Upon Infinity" {Melee,
                  | Elem} (You found it on level 1 of the Dungeon)
 10414 | D:8      | Identified the cursed +0 ring mail of the Bound Negligence
                  | {Melee, Elem} (You took it off an orc on level 5 of the
                  | Dungeon)
 11202 | D:8      | Reached skill level 1 in Fighting
 12050 | D:9      | Noticed a boulder beetle
 12050 | D:9      | Noticed a four-headed hydra
 12146 | D:9      | Reached skill level 1 in Shields
 12333 | D:9      | Killed a four-headed hydra
 12335 | D:9      | Noticed Grum
 12420 | D:9      | Reached skill level 5 in Shields
 12420 | D:9      | Killed Grum
 12845 | D:9      | Identified the +7 long sword "Sier" {pain, Fly rElec rCorr
                  | Str-2 Int+2}
 13323 | D:9      | Found a staircase to the Orcish Mines.
 13396 | D:9      | Reached XP level 11. HP: 48/64 MP: 10/23
 13523 | D:9      | Reached skill level 5 in Fighting
 15253 | D:9      | Killed a boulder beetle
 15867 | Orc:1    | Entered Level 1 of the Orcish Mines
 15958 | Orc:1    | Noticed an ettin
 15960 | Orc:1    | Reached skill level 1 in Long Blades
 15963 | Orc:1    | HP: 1/69 [ettin/+0 dire flail (19)]
 15963 | Orc:1    | Annihilated by an ettin

Illustrated notes

Levels and vault maps discovered:
D:1:      grunt_arrival_crossed_arrows, layout_basic, serial_shops,
          nicolae_shop_hallway_plus
D:2:      minmay_alternating_diamond, layout_loops_cross, basic_altar,
          uniq_robin
D:3:      layout_basic, bloody_makhleb, nicolae_qazlal_scattered_showers
D:4:      layout_basic, minmay_temple_entry_waves, portal_sewer_entry_d,
          st_stairs_5
D:5:      layout_loops_ring, doesnt_xom_only_xom, serial_shops,
          nicolae_square_shop
D:6:      layout_loops_ring, mainiacjoe_overflow_large_starburst
D:7:      layout_basic, nicolae_dithmenos_the_darkroom, tgw_fedhas, uniq_maggie
D:8:      layout_layer_cave, mainiacjoe_overflow_cross_hatched, minmay_orc_keep,
          uniq_joseph
D:9:      cheibrodos_barr_body, layout_layer_cave, david_orc_2,
          corexii_hall_statues_u, hex_medium, grunt_ministairs_1,
          dk_noncrumbling_2, hangedman_decor_clover_reticule, the_hattery,
          uniq_grum
Temple:   minmay_freezing_vapour_temple
Orc:1:    layout_caves, nicolae_orc_lost_temple

Skill      XL: |  1  2  3  4  5  6  7  8  9 10 11 |
---------------+----------------------------------+-----
Transmutations | 1 2 3 |  3.5
Earth Magic    | 4 6 7 8 |  8.2
Spellcasting   | 3 5 7 |  7.0
Conjurations   | 2 4 5 9 10 | 10.9
Fighting       | 4 7 |  7.1
Shields        | 6 7 |  7.6
Long Blades    | 1 |  1.5
Dodging        | |  1.5
Stealth        | |  2.1

Action                     |  1- 3 |  4- 6 |  7- 9 | 10-12 || total
---------------------------+-------+-------+-------+-------++-------
  Melee: Dagger            |     3 |       |       |       ||     3
         Trident           |       |    12 |    11 |       ||    23
         Flail             |       |       |    13 |     1 ||    14
         Long sword        |       |       |       |    33 ||    33
   Fire: Sling             |    26 |    24 |       |       ||    50
  Throw: Dart              |       |     6 |     2 |    18 ||    26
         Boomerang         |       |       |       |     5 ||     5
   Cast: Sandblast         |    41 |   100 |   145 |   122 ||   408
         Stone Arrow       |       |       |    16 |    79 ||    95
         Wereblood         |       |       |     1 |       ||     1
 Invoke: Curse Item        |       |       |     3 |     1 ||     4
  Evoke: Wand              |       |       |       |     6 ||     6
    Use: Scroll            |       |    14 |     3 |     6 ||    23
         Potion            |       |     3 |     9 |     8 ||    20
   Stab: Invisible         |       |       |       |     1 ||     1
 Armour: Robe              |    10 |    44 |    23 |       ||    77
         Ring mail         |       |       |    67 |    70 ||   137
         Skin              |       |       |       |    53 ||    53
  Dodge: Dodged            |    21 |    81 |    81 |    74 ||   257
  Block: Buckler           |       |       |       |    29 ||    29
         Kite shield       |       |       |       |    11 ||    11

Table legend: (Time is in decaauts)
 A = Elapsed time spent in this place.
 B = Non-inter-level travel time spent in this place.
 C = Inter-level travel time spent in this place.
 D = Time resting spent in this place.
 E = Time spent auto-exploring this place.
 F = Levels seen in this place.
 G = Mean time per level.
                   A        B        C        D        E       F      G
               +--------+--------+--------+--------+--------+-----+--------+
         Total |  16262 |  15995 |    267 |   6174 |   7531 |  12 | 1355.2 |
       Dungeon |  15975 |  15708 |    267 |   6061 |   7451 |   9 | 1775.0 |
        Temple |     12 |     12 |      0 |      0 |      0 |   1 |   12.0 |
  Orcish Mines |     97 |     97 |      0 |     44 |     28 |   1 |   97.0 |
         Sewer |    176 |    176 |      0 |     69 |     52 |   1 |  176.0 |
               +--------+--------+--------+--------+--------+-----+--------+

Top non-repeatable levels by time:
     D:9: 3824 daAuts
     D:8: 2867 daAuts
     D:7: 1771 daAuts
     D:4: 1713 daAuts
     D:5: 1397 daAuts
     D:6: 1139 daAuts
     D:2: 1138 daAuts
     D:1: 1077 daAuts
     D:3: 1045 daAuts
   Sewer: 176 daAuts
   Orc:1: 97 daAuts
  Temple: 12 daAuts
